 Dungeon Crawl Stone Soup version 0.27-a0-1196-g3e9cee4cb2 (webtiles) character file.

Game seed: 4068574311804667943

5728 Glokmah the Grappler (level 10, -6/100 HPs)
             Began as a Troll Monk on May 28, 2021.
             Was a High Priest of Okawaru.
             Mangled by a yak (14 damage)
             ... on level 1 of the Lair of Beasts.
             The game lasted 00:15:58 (6919 turns).

Glokmah the Grappler (Troll Monk)                   Turns: 6919, Time: 00:15:59

Health: -6/100     AC:  6    Str: 22    XL:     10   Next: 48%
Magic:  9/12       EV: 13    Int:  6    God:    Okawaru [*****.]
Gold:   365        SH:  5    Dex: 14    Spells: 10/13 levels left

rFire    + . .     SeeInvis .     - Unarmed
rCold    . . .     Faith    .   (no shield)
rNeg     + . .     Spirit   .   s - +1 robe {rF+}
rPois    .         Reflect  +   (helmet restricted)
rElec    .         Harm     .   l - +0 cloak
rCorr    .         Rampage  .   (gloves unavailable)
Will     .....                  (boots unavailable)
Stlth    +++.......             g - amulet of reflection
HPRegen  1.26/turn              c - ring of wizardry
MPRegen  0.13/turn              x - ring of positive energy

@: heroic, wereblooded (expiring)
A: large, unfitting armour, claws 3, regeneration 1, shaggy fur 1, tough skin 1
a: Renounce Religion, Heroism, Finesse


You were on level 1 of the Lair of Beasts.
You worshipped Okawaru.
Okawaru was extremely pleased with you.
You visited 2 branches of the dungeon, and saw 9 of its levels.

You collected 365 gold pieces.

Inventory:

Missiles
 i - 15 poisoned darts (quivered)
Armour
 l - a +0 cloak (worn)
 s - a +1 robe of fire resistance (worn)
Jewellery
 a - a ring of flight
 c - a ring of wizardry (left claw)
 g - an amulet of reflection (around neck)
 j - an amulet of guardian spirit
 x - a ring of positive energy (right claw)
Wands
 n - a wand of iceblast (10)
 w - a wand of flame (13)
Scrolls
 b - a scroll of holy word
 f - 3 scrolls of enchant weapon
 h - 3 scrolls of fear
 m - 3 scrolls of noise
 o - a scroll of torment
 p - 2 scrolls of magic mapping
 q - a scroll of vulnerability
 r - a scroll of amnesia
Potions
 d - 3 potions of curing
 e - a potion of flight
 k - 3 potions of haste
 t - a potion of brilliance {unknown}
 u - a potion of invisibility {unknown}
 v - 2 potions of mutation
 z - a potion of ambrosia {unknown}
Miscellaneous
 y - a piece from Xom's chessboard (15/15)


   Skills:
 + Level 6.6(11.6) Fighting
 + Level 5.5(10.5) Throwing
 - Level 2.4(7.4) Dodging
 - Level 1.0(6.0) Stealth
 * Level 10.8(15.8) Unarmed Combat
 + Level 2.2 Spellcasting
 * Level 4.1 Transmutations


You had 10 spell levels left.
You knew the following spells:

 Your Spells              Type           Power      Damage    Failure   Level
a - Beastly Appendage     Tmut           10%        N/A       3%          1
b - Wereblood             Tmut           5%         N/A       4%          2

Your spell library contained the following spells:

 Spells                   Type           Power      Damage    Failure   Level
 Animate Skeleton         Necr           0%         N/A       16%         1
 Pain                     Necr           0%         1d4       16%         1
 Shock                    Conj/Air       0%         1d3       16%         1
 Spider Form              Tmut/Pois      1%         N/A       21%         3
 Static Discharge         Conj/Air       0%         N/A       24%         2
 Swiftness                Air            0%         N/A       43%         3
 Vampiric Draining        Necr           0%         2d6       43%         3
 Ice Form                 Ice/Tmut       3%         N/A       52%         4
 Hydra Form               Tmut           2%         N/A       58%         5
 Airstrike                Air            0%         N/A       82%         4
 Animate Dead             Necr           0%         N/A       82%         4
 Summon Lightning Spire   Summ/Air       0%         N/A       82%         4
 Agony                    Necr           0%         N/A       98%         5
 Lightning Bolt           Conj/Air       0%         1d11      98%         5
 Silence                  Hex/Air        0%         N/A       98%         5
 Conjure Ball Lightning   Conj/Air       0%         3x3d6     100%        6
 Tornado                  Air            0%         N/A       100%        9


Dungeon Overview and Level Annotations

Branches:
Dungeon (8/15)             Temple (0/1) D:6            Lair (1/6) D:8

Altars:
Ashenzari
Elyvilon
Makhleb
Okawaru
Xom
The Shining One


Innate Abilities, Weirdness & Mutations

You are too large for most types of armour.
You have claws for hands.
Your natural rate of healing is unusually fast.
You are covered in fur. (AC +1)
You have tough skin. (AC +1)


Message History

A six-headed hydra comes into view.
Your Transmutations skill increases to level 4!
You mangle the yak!! You claw the yak. You headbutt the yak!
The yak is severely wounded.
The yak closely misses you. The yak gores you.
You mangle the yak!!
You kill the yak!
Okawaru accepts your kill. The yak gores you!
You mangle the yak!! Your headbutt misses the yak.
The yak is heavily wounded.
You block the yak's attack.
You scratch the yak but do no damage.
The yak is heavily wounded.
Your horns disappear.
Your talons disappear.
You mangle the yak!!
You kill the yak!
Okawaru accepts your kill.
You mangle the yak!!
The yak is heavily wounded.
The yak gores you!
You barely miss the yak.
The yak is heavily wounded.
You mangle the yak!!
The yak is severely wounded.
You fail to use your ability.
The yak closely misses you. The yak gores you!
* * * LOW HITPOINT WARNING * * *
You gain the combat prowess of a mighty hero.
The yak gores you.
* * * LOW HITPOINT WARNING * * *
The yak gores you!
* * * LOW HITPOINT WARNING * * *
The yak misses you.
Your primal bloodlust is almost over.
A bullfrog comes into view.
The yak gores you.
* * * LOW HITPOINT WARNING * * *
There is a staircase back to the Dungeon, spattered with blood here.
The yak gores you!
You die...

#.....#PP##....##...
....# #.....F........#...
#...###.............##...
#...##.............##...
#....##
#..##..................
##.....#
#........#####.........
#...⌠..# #⌠.>.....#
#......... #.....#
#........# #.........
####...####..##Y@..#
#....##...
.....⌠.##.....DY...#
#....##...
Y†##....#...##.....#
#....##...
...........#.##....#
P....##...
...........###.....#
#....##... .#).......##
#.....# #....P#...
.###...#### ##....#
##....##... . #..⌠.#
##....# #P....##... .
##^#+# #P....# #....##...


You could see a six-headed hydra, 2 yaks and a bullfrog (wandering).

Vanquished Creatures
  A two-headed ogre (D:8)
  The ghost of boracarina the Cleaver, a novice MiBe of Trog (D:6)
  Pikel (D:8)
  A rime drake (Lair:1)
  3 yaks (Lair:1)
  A steam dragon (D:8)
  3 wargs (D:8)
  2 black bears
  An ice beast (D:7)
  A necrophage (D:6)
  5 ogres
  A wolf (D:6)
  2 centaurs
  A phantom (D:5)
  A kobold brigand (D:6)
  2 bullfrogs (D:6)
  3 gnoll sergeants (D:6)
  A wyvern zombie (D:8)
  A howler monkey (D:3)
  A jelly (D:6)
  3 gnoll shamans
  2 orc priests (D:8)
  A centaur skeleton (D:7)
  8 hounds (D:6)
  3 iguanas
  A bullfrog skeleton (D:4)
  Natasha (twice) (D:2)
  8 orc wizards
  A hound skeleton (D:6)
  Robin (D:2)
  27 gnolls
  A howler monkey skeleton (D:6)
  7 adders
  2 shadow imps
  3 white imps
  7 worms
  2 dart slugs
  16 orcs
  5 bats
  7 endoplasms
  2 giant cockroaches
  14 goblins
  6 hobgoblins
  7 jackals
  9 kobolds
  2 quokkas
  6 ball pythons
  5 frilled lizards
  4 rats
195 creatures vanquished.

Notes
Turn   | Place    | Note
-------+----------+-------------------------------------------
     0 | D:1      | Glokmah the Troll Monk began the quest for the Orb.
     0 | D:1      | Reached XP level 1. HP: 22/22 MP: 0/0
   107 | D:1      | Reached XP level 2. HP: 29/29 MP: 1/1
   145 | D:1      | Found a faded altar of an unknown god.
   237 | D:1      | Reached XP level 3. HP: 36/36 MP: 2/2
   533 | D:1      | Reached skill level 4 in Unarmed Combat
   891 | D:2      | Noticed Robin
   948 | D:1      | Reached XP level 4. HP: 34/45 MP: 3/3
   955 | D:2      | Killed Robin
   973 | D:2      | Noticed Natasha
   977 | D:2      | Killed Natasha
  1173 | D:2      | Noticed Natasha
  1180 | D:2      | Killed Natasha
  1181 | D:2      | Reached skill level 5 in Unarmed Combat
  1237 | D:3      | Reached XP level 5. HP: 46/53 MP: 4/4
  2157 | D:4      | Found an iron altar of Okawaru.
  2258 | D:3      | Reached XP level 6. HP: 54/62 MP: 5/5
  2304 | D:4      | Reached skill level 6 in Unarmed Combat
  2871 | D:4      | Identified the +1 leather armour of Xaweyt {Str+5}
  2948 | D:4      | Became a worshipper of Warmaster Okawaru
  2948 | D:4      | Reached * piety under Okawaru
  2948 | D:4      | Reached ** piety under Okawaru
  2962 | D:5      | Entered Level 5 of the Dungeon
  3274 | D:5      | Found a broken altar of Ashenzari.
  3314 | D:5      | Reached XP level 7. HP: 57/70 MP: 2/6
  3316 | D:5      | Reached skill level 1 in Throwing
  3381 | D:5      | Reached skill level 7 in Unarmed Combat
  3398 | D:5      | Identified the +2 buckler "Mulytzem" {Slay+3}
  4229 | D:6      | Reached *** piety under Okawaru
  4230 | D:6      | Reached XP level 8. HP: 29/79 MP: 4/7
  4235 | D:6      | Reached skill level 8 in Unarmed Combat
  4342 | D:6      | Found a runed translucent door.
  4347 | D:6      | Noticed boracarina's ghost (novice MiBe)
  4356 | D:6      | Reached skill level 5 in Fighting
  4450 | D:6      | Killed boracarina's ghost
  4450 | D:6      | Reached **** piety under Okawaru
  4451 | D:6      | Reached skill level 9 in Unarmed Combat
  4451 | D:6      | Reached XP level 9. HP: 66/89 MP: 8/8
  4501 | D:6      | Learned a level 1 spell: Beastly Appendage
  4504 | D:6      | Learned a level 2 spell: Wereblood
  4723 | D:6      | Found a staircase to the Ecumenical Temple.
  4810 | D:6      | Reached skill level 1 in Transmutations
  5105 | D:6      | Found a burning altar of Makhleb.
  5215 | D:7      | Reached skill level 1 in Spellcasting
  5437 | D:7      | Found a glowing golden altar of the Shining One.
  5960 | D:8      | Noticed Pikel
  5969 | D:8      | Killed Pikel
  5970 | D:8      | Reached skill level 10 in Unarmed Combat
  6093 | D:8      | Reached skill level 5 in Throwing
  6118 | D:8      | Reached XP level 10. HP: 21/98 MP: 3/11
  6203 | D:8      | Noticed a two-headed ogre
  6217 | D:8      | Killed a two-headed ogre
  6353 | D:8      | Found a staircase to the Lair.
  6467 | D:8      | Reached ***** piety under Okawaru
  6497 | D:8      | Found a shimmering altar of Xom.
  6498 | D:8      | Found a white marble altar of Elyvilon.
  6718 | Lair:1   | Entered Level 1 of the Lair of Beasts
  6881 | Lair:1   | Identified the +4 hunting sling of Irritation {freeze, rF+
                  | Dex+3 Stlth+}
  6906 | Lair:1   | Received a gift from Okawaru
  6906 | Lair:1   | Noticed a six-headed hydra
  6919 | Lair:1   | Mangled by a yak

Illustrated notes

Levels and vault maps discovered:
D:1:      dpeg_arrival_tiny_d, layout_basic,
          chequers_ecumenical_altar_simple_redux, st_stairs_5, item_on_display_a
D:2:      layout_rooms, corexii_shack, uniq_robin, uniq_natasha
D:3:      layout_loops_ring
D:4:      layout_loops_ring, okawaru_ov_weapons_minmay,
          chequers_serial_rivers_room_a
D:5:      layout_loops_corners, overflow_temple_1_default
D:6:      layout_cave_pools, makhleb_blood_cavern_becter,
          minmay_temple_entry_glassed_door, serial_gnoll_camp,
          gnoll_camp_huts_basic, gnoll_camp_mini_basic, gnoll_camp_mini_hut,
          gnoll_camp_mini_doghouse, gnoll_camp_mini_basic, ebering_ghost_sewer_d
D:7:      layout_loops_ring, lemuel_tele_altar
D:8:      layout_loops_ring, gammafunk_temple_overflow_pools,
          erik_lair_orcish_takeover, uniq_pikel
Lair:1:   layout_long_grid, grunt_megastairs_5

Skill      XL: |  1  2  3  4  5  6  7  8  9 10 |
---------------+-------------------------------+-----
Unarmed Combat | 4 5 6 7 9 10 | 10.8
Fighting       | 3 4 5 6 |  6.6
Throwing       | 2 4 5 |  5.5
Transmutations | 3 4 |  4.1
Spellcasting   | 1 2 |  2.2
Dodging        | |  2.4
Stealth        | |  1.0

Action                   |  1- 3 |  4- 6 |  7- 9 | 10-12 || total
-------------------------+-------+-------+-------+-------++-------
Melee: Unarmed           |    97 |   165 |   259 |    52 ||   573
       Punch             |     2 |     4 |    11 |       ||    17
       Kick              |       |       |     1 |     6 ||     7
       Headbutt          |       |       |     1 |     6 ||     7
Throw: Dart              |       |       |     4 |       ||     4
 Cast: Beastly Appendage |       |       |     2 |     2 ||     4
       Wereblood         |       |       |     2 |     1 ||     3
Invok: Heroism           |       |     1 |     4 |     1 ||     6
  Use: Scroll            |     4 |     1 |     8 |     1 ||    14
 Stab: Sleeping          |     6 |     2 |     2 |     1 ||    11
Armor: Robe              |    47 |    43 |    69 |     9 ||   168
Dodge: Dodged            |    70 |    85 |   120 |    17 ||   292
Block: Other             |       |       |    67 |     6 ||    73

Table legend: (Time is in decaauts)
 A = Elapsed time spent in this place.
 B = Non-inter-level travel time spent in this place.
 C = Inter-level travel time spent in this place.
 D = Time resting spent in this place.
 E = Time spent auto-exploring this place.
 F = Levels seen in this place.
 G = Mean time per level.
                   A        B        C        D        E       F      G
               +--------+--------+--------+--------+--------+-----+--------+
         Total |   6855 |   6226 |    629 |     84 |   4266 |   9 |  761.7 |
       Dungeon |   6657 |   6028 |    629 |     84 |   4162 |   8 |  832.1 |
          Lair |    198 |    198 |      0 |      0 |    104 |   1 |  198.0 |
               +--------+--------+--------+--------+--------+-----+--------+

Top non-repeatable levels by time:
     D:6: 1070 daAuts
     D:5: 1059 daAuts
     D:3: 1002 daAuts
     D:8: 838 daAuts
     D:4: 807 daAuts
     D:1: 684 daAuts
     D:7: 661 daAuts
     D:2: 534 daAuts
  Lair:1: 198 daAuts
